3L
ROCKY MOUNTAIN NUGGETS @ MONTANA PANDAS
07/11/2025
 
TOP OF THE 1ST
Rocky Mountain Nuggets batting - Pitching for Montana Pandas : LHP Kyle Lewis
Pitching: LHP Kyle Lewis
Batting: RHB Mark Melton 0-0: Ball
1-0: Foul Ball, location: 2F
1-1: Called Strike
1-2: Ball
2-2: Ground out 6-3 (Groundball, 6)
Batting: RHB Wes Shannon 0-0: Foul Ball, location: 2F
0-1: Ball
1-1: Ball
2-1: TRIPLE (Line Drive, 78S)
Batting: LHB Javier Sánchez 0-0: Fly out, F7 (Flyball, 7LM)
Runner from 3rd tags up, SCORES, no throw
Batting: RHB Andrés Rodríguez 0-0: Called Strike
0-1: Reached on error, E5 (Groundball, 56)
Batting: RHB Gary Chalmers 0-0: Ball
Andrés Rodríguez is caught stealing 2nd base
Top of the 1st over - 1 run(s), 1 hit(s), 1 error(s), 0 left on base; Rocky Mountain 1 - Montana 0
BOTTOM OF THE 1ST
Montana Pandas batting - Pitching for Rocky Mountain Nuggets : LHP Kaluka Wene
Pitching: LHP Kaluka Wene
Batting: LHB Chris Etheridge 0-0: Ball
1-0: Bunt for hit - play at first, batter OUT! 2-3
Batting: RHB Gabriel Maldonado 0-0: Ball
1-0: Foul Ball, location: 2F
1-1: Foul Ball, location: 2F
1-2: Ground out 5-3 (Groundball, 56D)
Batting: SHB Mauro López 0-0: Ball
1-0: Fly out, F7 (Line Drive, 7)
Bottom of the 1st over - 0 run(s), 0 hit(s), 0 error(s), 0 left on base; Rocky Mountain 1 - Montana 0
TOP OF THE 2ND
Rocky Mountain Nuggets batting - Pitching for Montana Pandas : LHP Kyle Lewis
Batting: RHB Gary Chalmers 0-0: SOLO HOME RUN (Flyball, 7LD), Distance : 337 ft
Batting: LHB Randy Bowen 0-0: Ball
1-0: Ball
2-0: Ball
3-0: Called Strike
3-1: Ground out 4-3 (Groundball, 4D)
Batting: RHB Javier Martínez 0-0: Foul Ball, location: 2F
0-1: Foul Ball, location: 2F
0-2: Ball
1-2: Ground out 5-3 (Groundball, 56)
Batting: RHB Toshitsugu Sakamoto 0-0: Called Strike
0-1: Ball
1-1: Fly out, F9 (Flyball, 9LMF)
Top of the 2nd over - 1 run(s), 1 hit(s), 0 error(s), 0 left on base; Rocky Mountain 2 - Montana 0
BOTTOM OF THE 2ND
Montana Pandas batting - Pitching for Rocky Mountain Nuggets : LHP Kaluka Wene
Batting: LHB Mario Cruz 0-0: SOLO HOME RUN (Line Drive, 9D), Distance : 362 ft
Batting: LHB Andrés Chávez 0-0: Called Strike
0-1: Ball
1-1: Foul Ball, location: 2F
1-2: Foul Ball, location: 2F
1-2: Ball
2-2: Ball
3-2: Foul Ball, location: 2F
3-2: Strikes out looking
Batting: RHB Mario Pińa 0-0: Foul Ball, location: 2F
0-1: Swinging Strike
0-2: Ball
1-2: Foul Ball, location: 2F
1-2: Ball
2-2: Strikes out swinging
Batting: LHB Magali Lenidas 0-0: Swinging Strike
0-1: Ball
1-1: Ball
2-1: Foul Ball, location: 2F
2-2: Foul Ball, location: 2F
2-2: DOUBLE (Flyball, 78XD)
Batting: RHB David Ramírez 0-0: Ball
1-0: Ball
2-0: Ball
3-0: Base on Balls
Batting: SHB Tsing Guao 0-0: Fly out, F7 (Flyball, 7S)
Bottom of the 2nd over - 1 run(s), 2 hit(s), 0 error(s), 2 left on base; Rocky Mountain 2 - Montana 1
TOP OF THE 3RD
Rocky Mountain Nuggets batting - Pitching for Montana Pandas : LHP Kyle Lewis
Batting: RHB Paul Smith 0-0: Ball
1-0: Foul Ball, location: 2F
1-1: Called Strike
1-2: Strikes out swinging, 2-3 out at first.
Batting: RHB Mark Melton 0-0: Ball
1-0: Called Strike
1-1: Fly out, F5 (Line Drive, 56)
Batting: RHB Wes Shannon 0-0: Ball
1-0: Swinging Strike
1-1: Foul Ball, location: 2F
1-2: SINGLE (Line Drive, 6MD)
Batting: LHB Javier Sánchez 0-0: Ball
1-0: Called Strike
1-1: Ball
2-1: Called Strike
2-2: Ball
3-2: Foul Ball, location: 2F
3-2: Ground out 4-3 (Groundball, 4)
Top of the 3rd over - 0 run(s), 1 hit(s), 0 error(s), 1 left on base; Rocky Mountain 2 - Montana 1
BOTTOM OF THE 3RD
Montana Pandas batting - Pitching for Rocky Mountain Nuggets : LHP Kaluka Wene
Batting: LHB Chris Etheridge 0-0: Ball
1-0: Called Strike
1-1: Bunt for hit - play at first, batter OUT! 2-3
Batting: RHB Gabriel Maldonado 0-0: Ball
1-0: Fly out, F7 (Flyball, 7S)
Batting: SHB Mauro López 0-0: Called Strike
0-1: Foul Ball, location: 2F
0-2: Fly out, F8 (Flyball, 8LXD)
Bottom of the 3rd over - 0 run(s), 0 hit(s), 0 error(s), 0 left on base; Rocky Mountain 2 - Montana 1
TOP OF THE 4TH
Rocky Mountain Nuggets batting - Pitching for Montana Pandas : LHP Kyle Lewis
Batting: RHB Andrés Rodríguez 0-0: Foul Ball, location: 2F
0-1: Foul Ball, location: 2F
0-2: Ball
1-2: Ball
2-2: Foul Ball, location: 2F
2-2: Foul Ball, location: 2F
2-2: Foul Ball, location: 2F
2-2: Foul Ball, location: 2F
2-2: Ground out 6-3 (Groundball, 6)
Batting: RHB Gary Chalmers 0-0: Ground out 5-3 (Groundball, 56)
Batting: LHB Randy Bowen 0-0: Called Strike
0-1: Ball
1-1: Swinging Strike
1-2: Strikes out swinging
Top of the 4th over - 0 run(s), 0 hit(s), 0 error(s), 0 left on base; Rocky Mountain 2 - Montana 1
BOTTOM OF THE 4TH
Montana Pandas batting - Pitching for Rocky Mountain Nuggets : LHP Kaluka Wene
Batting: LHB Mario Cruz 0-0: Ball
1-0: Foul Ball, location: 2F
1-1: Called Strike
1-2: DOUBLE (Line Drive, 9LM)
Batting: LHB Andrés Chávez 0-0: Ball
1-0: Foul Ball, location: 2F
1-1: SINGLE (Line Drive, 89S)
Mario Cruz to third
Batting: RHB Mario Pińa 0-0: Grounds into double play, 4-6-3 (Groundball, 4)
Mario Cruz scores
Batting: LHB Magali Lenidas 0-0: Ball
1-0: Foul Ball, location: 2F
1-1: Swinging Strike
1-2: Strikes out swinging
Bottom of the 4th over - 1 run(s), 2 hit(s), 0 error(s), 0 left on base; Rocky Mountain 2 - Montana 2
TOP OF THE 5TH
Rocky Mountain Nuggets batting - Pitching for Montana Pandas : LHP Kyle Lewis
Batting: RHB Javier Martínez 0-0: Swinging Strike
0-1: Ball
1-1: Foul Ball, location: 2F
1-2: Fly out, F8 (Flyball, 89M)
Batting: RHB Toshitsugu Sakamoto 0-0: Ball
1-0: Foul Ball, location: 2F
1-1: Foul Ball, location: 2F
1-2: Foul Ball, location: 2F
1-2: Ball
2-2: Foul Ball, location: 2F
2-2: Ball
3-2: Fly out, F3 (Popup, 3L)
Batting: RHB Paul Smith 0-0: Ball
1-0: Foul Ball, location: 2F
1-1: Foul Ball, location: 2F
1-2: Ball
2-2: Strikes out swinging
Top of the 5th over - 0 run(s), 0 hit(s), 0 error(s), 0 left on base; Rocky Mountain 2 - Montana 2
BOTTOM OF THE 5TH
Montana Pandas batting - Pitching for Rocky Mountain Nuggets : LHP Kaluka Wene
Batting: RHB David Ramírez 0-0: Ball
1-0: Called Strike
1-1: Reached via error on a dropped throw, E3
Batting: SHB Tsing Guao 0-0: Ball
1-0: Ball
2-0: Called Strike
2-1: Fly out, F7 (Flyball, 7)
Batting: LHB Chris Etheridge 0-0: SINGLE (Line Drive, 34D)
David Ramírez to second
Batting: RHB Gabriel Maldonado 0-0: Foul Ball, location: 2F
0-1: Fielders Choice at 2nd, 1-6 (Groundball, P)
David Ramírez to third
Batting: SHB Mauro López 0-0: Called Strike
0-1: Ball
1-1: Fielders Choice at 2nd, 4-6 (Groundball, 4)
Bottom of the 5th over - 0 run(s), 1 hit(s), 1 error(s), 1 left on base; Rocky Mountain 2 - Montana 2
TOP OF THE 6TH
Rocky Mountain Nuggets batting - Pitching for Montana Pandas : LHP Kyle Lewis
Batting: RHB Mark Melton 0-0: Ball
1-0: Foul Ball, location: 2F
1-1: Called Strike
1-2: Ball
2-2: Foul Ball, location: 2F
2-2: Ball
3-2: Base on Balls
Batting: RHB Wes Shannon 0-0: Ball
1-0: Swinging Strike
1-1: Ball
2-1: Foul Ball, location: 2F
2-2: Fielders Choice at 2nd, 1-6 (Groundball, P)
Pitching: RHP Shao-qi Phan
Batting: LHB Javier Sánchez 0-0: Ball
1-0: Called Strike
1-1: SINGLE (Groundball, 34) (infield hit)
Wes Shannon to second
Batting: RHB Andrés Rodríguez 0-0: Ball
1-0: Called Strike
1-1: Ball
2-1: Fly out, F5 (Line Drive, 56)
Batting: RHB Gary Chalmers 0-0: Called Strike
0-1: Ball
1-1: Foul Ball, location: 2F
1-2: Strikes out swinging
Top of the 6th over - 0 run(s), 1 hit(s), 0 error(s), 2 left on base; Rocky Mountain 2 - Montana 2
BOTTOM OF THE 6TH
Montana Pandas batting - Pitching for Rocky Mountain Nuggets : LHP Kaluka Wene
Batting: LHB Mario Cruz 0-0: Ground out 4-3 (Groundball, 4)
Batting: LHB Andrés Chávez 0-0: Foul Ball, location: 2F
0-1: Ball
1-1: Ball
2-1: Ground out 4-3 (Groundball, 34)
Batting: RHB Mario Pińa 0-0: Swinging Strike
0-1: Foul Ball, location: 2F
0-2: Fly out, F4 (Line Drive, 4)
Bottom of the 6th over - 0 run(s), 0 hit(s), 0 error(s), 0 left on base; Rocky Mountain 2 - Montana 2
TOP OF THE 7TH
Rocky Mountain Nuggets batting - Pitching for Montana Pandas : RHP Shao-qi Phan
Batting: LHB Randy Bowen 0-0: Ball
1-0: Swinging Strike
1-1: Ground out 5-3 (Groundball, 56S)
Pinch Hitting: LHB Juan Ríos 0-0: Called Strike
0-1: Ball
1-1: Ball
2-1: SINGLE (Line Drive, 78S)
Pitching: RHP Jesús Rivera
Pinch Hitting: RHB Mike Green 0-0: Called Strike
0-1: Foul Ball, location: 2F
0-2: DOUBLE (Line Drive, 78XD)
Juan Ríos to third
Juan Ríos scores
Pinch Hitting: RHB Michael Riley 0-0: Called Strike
0-1: Called Strike
0-2: Strikes out swinging
Batting: RHB Mark Melton 0-0: Ball
1-0: Swinging Strike
1-1: Ball
2-1: Ball
3-1: Base on Balls
Batting: RHB Wes Shannon 0-0: Fielders Choice at 2nd, 5-4 (Groundball, 5L)
Top of the 7th over - 1 run(s), 2 hit(s), 0 error(s), 1 left on base; Rocky Mountain 3 - Montana 2
BOTTOM OF THE 7TH
Montana Pandas batting - Pitching for Rocky Mountain Nuggets : LHP Kaluka Wene
Now at C: Juan Sánchez
Now at 3B: Juan Ávila
Now in LF: Juan Ríos
Now in RF: Mike Green
Batting: LHB Magali Lenidas 0-0: Called Strike
0-1: Ball
1-1: Ball
2-1: Ball
3-1: Ground out 4-3 (Groundball, 4)
Batting: RHB David Ramírez 0-0: Ball
1-0: Called Strike
1-1: Ball
2-1: Ball
3-1: Fly out, F7 (Line Drive, 7)
Batting: SHB Tsing Guao 0-0: Called Strike
0-1: Foul Ball, location: 2F
0-2: Ball
1-2: Ball
2-2: Fly out, F9 (Flyball, 89M)
Bottom of the 7th over - 0 run(s), 0 hit(s), 0 error(s), 0 left on base; Rocky Mountain 3 - Montana 2
TOP OF THE 8TH
Rocky Mountain Nuggets batting - Pitching for Montana Pandas : RHP Jesús Rivera
Batting: LHB Javier Sánchez 0-0: Called Strike
0-1: Ground out 6-3 (Groundball, 4M)
Batting: RHB Andrés Rodríguez 0-0: Ball
1-0: Foul Ball, location: 2F
1-1: Ball
2-1: Called Strike
2-2: Strikes out looking
Batting: SHB Juan Sánchez 0-0: Called Strike
0-1: Ball
1-1: Ball
2-1: Ball
3-1: Swinging Strike
3-2: Base on Balls
Batting: LHB Randy Bowen 0-0: Ball
1-0: Foul Ball, location: 2F
1-1: Ball
2-1: Called Strike
2-2: Fly out, F9 (Flyball, 9)
Top of the 8th over - 0 run(s), 0 hit(s), 0 error(s), 1 left on base; Rocky Mountain 3 - Montana 2
BOTTOM OF THE 8TH
Montana Pandas batting - Pitching for Rocky Mountain Nuggets : LHP Kaluka Wene
Batting: LHB Chris Etheridge 0-0: Ground out U3 (Groundball, 34)
Batting: RHB Gabriel Maldonado 0-0: Fly out, F9 (Flyball, 9S)
Batting: SHB Mauro López 0-0: Called Strike
0-1: Swinging Strike
0-2: Fly out, F7 (Flyball, 78D)
Bottom of the 8th over - 0 run(s), 0 hit(s), 0 error(s), 0 left on base; Rocky Mountain 3 - Montana 2
TOP OF THE 9TH
Rocky Mountain Nuggets batting - Pitching for Montana Pandas : RHP Jesús Rivera
Pitching: LHP John Keller
Batting: LHB Juan Ríos 0-0: Called Strike
0-1: Ball
1-1: Ball
2-1: Foul Ball, location: 2F
2-2: Strikes out swinging
Batting: RHB Mike Green 0-0: Hit by Pitch
Batting: RHB Juan Ávila 0-0: Ball
1-0: Foul Ball, location: 2F
1-1: Foul Ball, location: 2F
1-2: Ball
2-2: Foul Ball, location: 2F
2-2: Strikes out looking
Batting: RHB Mark Melton 0-0: Foul Ball, location: 2F
0-1: Ball
1-1: SINGLE (Line Drive, 8LS)
Mike Green to second
Batting: RHB Wes Shannon 0-0: Ball
1-0: Called Strike
1-1: Swinging Strike
1-2: Strikes out looking
Top of the 9th over - 0 run(s), 1 hit(s), 0 error(s), 2 left on base; Rocky Mountain 3 - Montana 2
BOTTOM OF THE 9TH
Montana Pandas batting - Pitching for Rocky Mountain Nuggets : LHP Kaluka Wene
Batting: LHB Mario Cruz 0-0: SOLO HOME RUN (Flyball, 9D), Distance : 359 ft
Batting: LHB Andrés Chávez 0-0: Foul Ball, location: 2F
0-1: Ball
1-1: Swinging Strike
1-2: Ball
2-2: Strikes out swinging
Pitching: RHP Kenny Powers
Batting: RHB Mario Pińa 0-0: Ball
1-0: Ball
2-0: Ball
3-0: Base on Balls
Batting: LHB Magali Lenidas 0-0: Ball
1-0: Ball
2-0: Called Strike
2-1: Ball
3-1: Base on Balls
Mario Pińa to second
Batting: RHB David Ramírez 0-0: Ball
1-0: Foul Ball, location: 2F
1-1: Ball
2-1: Ball
3-1: Foul Ball, location: 2F
3-2: Strikes out swinging
Magali Lenidas is caught stealing 2nd base
Batter strikes out.
Bottom of the 9th over - 1 run(s), 1 hit(s), 0 error(s), 1 left on base; Rocky Mountain 3 - Montana 3
TOP OF THE 10TH
Rocky Mountain Nuggets batting - Pitching for Montana Pandas : LHP John Keller
Pitching: RHP Frank Walker
Batting: LHB Javier Sánchez 0-0: Ball
1-0: Called Strike
1-1: Swinging Strike
1-2: Foul Ball, location: 2F
1-2: Ball
2-2: SOLO HOME RUN (Flyball, 8RXD), Distance : 433 ft
Batting: RHB Andrés Rodríguez 0-0: Called Strike
0-1: Ball
1-1: Fly out, F9 (Flyball, 9S)
Batting: SHB Juan Sánchez 0-0: Foul Ball, location: 2F
0-1: Ball
1-1: Fly out, F7 (Flyball, 7)
Batting: LHB Randy Bowen 0-0: Ball
1-0: Ball
2-0: Foul Ball, location: 2F
2-1: Called Strike
2-2: Fly out, F8 (Flyball, 8RS)
Top of the 10th over - 1 run(s), 1 hit(s), 0 error(s), 0 left on base; Rocky Mountain 4 - Montana 3
BOTTOM OF THE 10TH
Montana Pandas batting - Pitching for Rocky Mountain Nuggets : RHP Kenny Powers
Pitching: RHP Hunter Wilson
Batting: SHB Tsing Guao 0-0: Swinging Strike
0-1: Foul Ball, location: 2F
0-2: Ball
1-2: Ball
2-2: Strikes out swinging
Batting: LHB Chris Etheridge 0-0: Fly out, F8 (Flyball, 89M)
Batting: RHB Gabriel Maldonado 0-0: Swinging Strike
0-1: Ball
1-1: Ball
2-1: SOLO HOME RUN (Flyball, 7LD), Distance : 341 ft
Batting: SHB Mauro López 0-0: Called Strike
0-1: Ball
1-1: Ball
2-1: Called Strike
2-2: Ball
3-2: Foul Ball, location: 2F
3-2: Strikes out swinging
Bottom of the 10th over - 1 run(s), 1 hit(s), 0 error(s), 0 left on base; Rocky Mountain 4 - Montana 4
TOP OF THE 11TH
Rocky Mountain Nuggets batting - Pitching for Montana Pandas : RHP Frank Walker
Batting: LHB Juan Ríos 0-0: Ball
1-0: Foul Ball, location: 2F
1-1: Ball
2-1: Ball
3-1: Foul Ball, location: 2F
3-2: Base on Balls
Batting: RHB Mike Green 0-0: Fielders Choice at 2nd, 6-4 (Groundball, 6)
Batting: RHB Juan Ávila 0-0: Ball
1-0: Ball
2-0: Ball
3-0: Base on Balls
Mike Green to second
Batting: RHB Mark Melton 0-0: Ball
1-0: Ball
2-0: Foul Ball, location: 2F
2-1: Ball
3-1: Swinging Strike
3-2: Base on Balls
Mike Green to third
Juan Ávila to second
Batting: RHB Wes Shannon 0-0: Ball
1-0: Fly out, F9 (Line Drive, 89M)
Runner from 3rd tags up, SCORES, no throw
Batting: LHB Javier Sánchez 0-0: Ground out 4-3 (Groundball, 4)
Top of the 11th over - 1 run(s), 0 hit(s), 0 error(s), 2 left on base; Rocky Mountain 5 - Montana 4
BOTTOM OF THE 11TH
Montana Pandas batting - Pitching for Rocky Mountain Nuggets : RHP Hunter Wilson
Batting: LHB Mario Cruz 0-0: Swinging Strike
0-1: Ball
1-1: Ball
2-1: Ball
3-1: Base on Balls
Batting: LHB Andrés Chávez 0-0: Ball
1-0: Ball
2-0: Reached on error, E4 (Groundball, 4)
Mario Cruz to second
Batting: RHB Mario Pińa 0-0: Ball
1-0: Called Strike
1-1: Ball
2-1: Ball
3-1: Fly out, F9 (Flyball, 9S)
Batting: LHB Magali Lenidas 0-0: Swinging Strike
Passed Ball!
Mario Cruz to third
Andrés Chávez to second
0-1: Ball
1-1: Swinging Strike
1-2: Foul Ball, location: 2F
1-2: Foul Ball, location: 2F
1-2: Strikes out looking
Batting: RHB David Ramírez 0-0: Ball
1-0: Ball
2-0: SINGLE (Flyball, 8RS)
Mario Cruz scores
Andrés Chávez to third
Runner from 3rd tries for Home, SAFE, no throw
Friday, December 30th, 2016 - OOTP Baseball 17.12 Build 75